 Dungeon Crawl Stone Soup version 0.24.0-13-gcf9b319 (webtiles) character file.

Game seed: 8395216603473877378, levelgen mode: deterministic

67 Birdy the Ruffian (level 4, 0/38 HPs)
             Began as a Draconian Gladiator on Dec 9, 2019.
             Slain by a hobgoblin
             ... wielding a +0 club
             ... led by Robin
              (9 damage)
             ... on level 2 of the Dungeon.
             The game lasted 00:01:35 (1263 turns).

Birdy the Ruffian (Draconian Gladiator)             Turns: 1263, Time: 00:01:36

Health: 0/38       AC:  5    Str: 18    XL:     4   Next: 0%
Magic:  4/4        EV: 13    Int:  8    God:
Gold:   47         SH:  0    Dex: 12    Spells: 3/3 levels left

rFire    . . .     SeeInvis .     - Unarmed
rCold    . . .     Gourm    .   (no shield)
rNeg     . . .     Faith    .   (armour unavailable)
rPois    .         Spirit   .   a - +0 hat
rElec    .         Reflect  .   (no cloak)
rCorr    .         Harm     .   (no gloves)
MR       .....                  (no boots)
Stlth    +.........             (no amulet)
HPRegen  0.12/turn              (no ring)
MPRegen  0.09/turn              (no ring)

@: flying, invisible
A: unfitting armour, cold-blooded, AC +5
a: no special abilities


You were on level 2 of the Dungeon.
You were not hungry.

You visited 1 branch of the dungeon, and saw 2 of its levels.

You collected 47 gold pieces.

Inventory:

Missiles
 b - 3 throwing nets (quivered)
 k - 16 bolts
Armour
 a - a +0 hat (worn)
Jewellery
 j - an uncursed ring of ice {unknown}
Wands
 l - a wand of clouds (4)
Scrolls
 d - 3 scrolls of identify {unknown}
 f - 2 scrolls of fear {unknown}
 h - a scroll of teleportation {unknown}
Potions
 e - a potion of flight
 i - a potion of resistance {unknown}
Comestibles
 c - 4 rations


   Skills:
 + Level 3.3 Fighting
 - Level 1.7 Throwing
 + Level 3.3 Dodging
 + Level 3.7 Unarmed Combat


You had 3 spell levels left.
You didn't know any spells.
Your spell library was empty.

Dungeon Overview and Level Annotations

Branches:
Dungeon (2/15)

Altars:

Annotations:
D:2 Robin


Innate Abilities, Weirdness & Mutations

Your plain brown scales are hard. (AC +5)
You cannot fit into any form of body armour.
You are cold-blooded and may be slowed by cold attacks.


Message History

The hobgoblin is heavily wounded.
The goblin hits you with a +0 dagger.
You barely miss the goblin.
You tail-slap the goblin, but do no damage.
The goblin is severely wounded.
The hobgoblin hits you but does no damage.
A goblin comes into view.
The goblin hits you with a +0 dagger.
* * * LOW HITPOINT WARNING * * *
Okay, then.
It was a potion of flight.
You feel very buoyant.
You fly up into the air.
The hobgoblin hits you but does no damage.
The goblin hits you with a +0 dagger.
* * * LOW HITPOINT WARNING * * *
It was a potion of invisibility.
You fade into invisibility!
The hobgoblin hits you with a +0 club!
You die...

.# .# .##.#
....# ..g.
..#
#..#####).#
#.!...gg.#
#..###g#.#
#@# # #g#
#.# #.# #.#
#.# #.# #.#
#.#


You could see Robin, 2 hobgoblins and 2 goblins.

Vanquished Creatures
  Jessica (D:2)
  2 dart slugs (D:1)
  6 bats (D:1)
  3 giant cockroaches (D:1)
  5 goblins
  3 hobgoblins (D:1)
  2 jackals (D:1)
  A quokka (D:2)
  4 frilled lizards (D:1)
  4 kobolds (D:1)
  4 rats
35 creatures vanquished.

Notes
Turn   | Place    | Note
-------+----------+-------------------------------------------
     0 | D:1      | Birdy the Draconian Gladiator began the quest for the Orb.
     0 | D:1      | Reached XP level 1. HP: 17/17 MP: 1/1
   297 | D:1      | Reached XP level 2. HP: 25/25 MP: 2/2
   583 | D:1      | Reached XP level 3. HP: 30/30 MP: 3/3
  1124 | D:2      | Noticed Jessica
  1132 | D:2      | Killed Jessica
  1249 | D:2      | Noticed Robin
  1253 | D:2      | Reached XP level 4. HP: 38/38 MP: 4/4
  1263 | D:2      | Slain by a hobgoblin

Levels and vault maps discovered:
D:1:      dpeg_arrival_radiant, layout_basic
D:2:      layout_loops_ring, gammafunk_temple_overflow_forgotten, serial_rivers,
          chequers_serial_rivers_micro_b, chequers_serial_rivers_micro_d,
          chequers_serial_rivers_room_a, chequers_serial_rivers_room_b,
          minmay_gold_behind_fungi, minmay_statues_item, kennysheep_boxes,
          uniq_robin, uniq_jessica

Skill      XL: |  1  2  3 |
---------------+----------+-----
Dodging        | 3 |  3.3
Fighting       | 3 |  3.3
Throwing       | |  1.7
Unarmed Combat | |  3.7

Action                   |  1- 3 |  4- 6 || total
-------------------------+-------+-------++-------
Melee: Unarmed           |    97 |     6 ||   103
       Tailslap          |     8 |     2 ||    10
       Punch             |     1 |       ||     1
Throw: Throwing net      |     3 |       ||     3
  Use: Potion            |       |     2 ||     2
 Stab: Sleeping          |     1 |       ||     1
  Eat: Chunk             |     1 |       ||     1
Armor: Skin              |    21 |     3 ||    24
Dodge: Dodged            |    74 |     3 ||    77
